 Dungeon Crawl Stone Soup version 0.27-a0-1189-gb8eb6cee8e (webtiles) character file.

Game seed: 9199901955278949761

52 siradein the Cudgeller (level 3, -2/23 HPs)
             Began as a Gargoyle Monk on May 22, 2021.
             Slain by Robin
             ... wielding a +0 spear
              (8 damage)
             ... on level 2 of the Dungeon.
             The game lasted 00:03:05 (1760 turns).

siradein the Cudgeller (Gargoyle Monk)              Turns: 1760, Time: 00:03:06

Health: -2/23      AC:  8    Str: 15    XL:     3   Next: 85%
Magic:  3/3        EV: 11    Int: 10    God:
Gold:   21         SH:  0    Dex: 12    Spells: 2/2 levels left

rFire    . . .     SeeInvis .   a - +0 mace
rCold    . . .     Faith    .   (no shield)
rNeg     + . .     Spirit   .   c - +0 ring mail
rPois    ∞         Reflect  .   (no helmet)
rElec    +         Harm     .   (no cloak)
rCorr    .         Rampage  .   (no gloves)
Will     .....                  (no boots)
Stlth    +.........             (no amulet)
HPRegen  0.07/turn              (no ring)
MPRegen  0.08/turn              (no ring)

@: no status effects
A: sickness immunity, AC +3, negative energy resistance 1, electricity
resistance, torment resistance 1, petrification resistance
a: no special abilities


You were on level 2 of the Dungeon.
You visited 1 branch of the dungeon, and saw 2 of its levels.

You collected 21 gold pieces.

Inventory:

Hand Weapons
 a - a +0 mace (weapon)
Missiles
 d - 9 poisoned darts (quivered)
Armour
 c - a +0 ring mail (worn)
Potions
 b - a potion of attraction {unknown}
 e - a potion of curing {unknown}
 f - a potion of flight {unknown}


   Skills:
 - Level 3.2 Fighting
 + Level 4.6 Maces & Flails
 - Level 2.4 Dodging
 - Level 2.1 Stealth


You had 2 spell levels left.
You didn't know any spells.
Your spell library was empty.

Dungeon Overview and Level Annotations

Branches:
Dungeon (2/15)

Altars:

Annotations:
D:2 Robin


Innate Abilities, Weirdness & Mutations

You are immune to sickness and miasma.
Your stone body is resilient. (AC +3)
You are immune to poison.
You resist negative energy. (rN+)
You are resistant to electric shocks. (rElec)
You are resistant to unholy torment.
You are immune to petrification.


Message History

You hit the goblin.
You kill the goblin!
No target in view!
No target in view!
You start resting.
HP restored.
You climb downwards.
Level annotation: Robin The goblin shoots a stone.
The stone closely misses you. The goblin hits you but does no damage.
The goblin shoots a stone.
The stone hits you but does no damage.
Robin roars a battlecry!
The goblins go into a battle-frenzy!
There is a stone staircase leading up here.
You thump the goblin!
You kill the goblin!
The goblin shoots a stone.
The stone barely misses you.
Robin hits you from afar with a +0 spear.
The goblin shoots a stone.
The stone hits you. Robin hits you with a +0 spear.
You closely miss Robin.
The goblin shoots a stone.
The stone closely misses you. Robin misses you.
You hit Robin but do no damage. Robin barely misses you.
The goblin unwields a +0 hunting sling.
The goblin wields a +0 dagger.
The goblin hits you but does no damage.
You hit Robin.
Robin is lightly wounded.
Robin closely misses you. Robin hits you with a +0 spear.
The goblin misses you.
You are too injured to fight recklessly!
You are too injured to fight recklessly!
You are too injured to fight recklessly!
You are too injured to fight recklessly!
The goblin barely misses you.
Robin hits you from afar with a +0 spear.
The goblin unwields a +0 dagger.
The goblin wields a +0 hunting sling.
The goblin shoots a stone.
The stone hits you.
* * * LOW HITPOINT WARNING * * *
There is a stone staircase leading up here.
Robin hits you from afar with a +0 spear!
You die...

#.# #.....##..# #........#
#.###########..# #.##.##..#
#..........##..###.##.##..#
#..#######.##.........##..#
...##### #.#...###.##.....#
#......# #......##.##.###.#
.#..##.###.......#.##.#.#.#
#....#.##.....g.)...).....#
..............g.@.........##
............>.....###......#
..#.######.......## ###.##.#
.#### ##.....## ####.# .#
##...## #.# .# ##'## #.# .#
#.# #.# .##### #.# #.#
.....# ##.############.#


You could see Robin and a goblin (strong).

Vanquished Creatures
  A dart slug (D:2)
  4 ball pythons (D:1)
  An endoplasm (D:1)
  3 giant cockroaches
  11 goblins
  6 hobgoblins
  2 jackals (D:2)
  2 quokkas (D:1)
  2 bats (D:1)
  6 frilled lizards (D:1)
  5 kobolds
  2 rats (D:1)
45 creatures vanquished.

Notes
Turn   | Place    | Note
-------+----------+-------------------------------------------
     0 | D:1      | siradein the Gargoyle Monk began the quest for the Orb.
     0 | D:1      | Reached XP level 1. HP: 14/14 MP: 1/1
   265 | D:1      | Reached XP level 2. HP: 11/19 MP: 2/2
   788 | D:1      | Reached skill level 4 in Maces & Flails
  1091 | D:1      | Reached XP level 3. HP: 23/23 MP: 3/3
  1488 | D:2      | Found a faded altar of an unknown god.
  1489 | D:2      | Noticed Robin
  1760 | D:2      | Slain by Robin

Illustrated notes

Levels and vault maps discovered:
D:1:      roderic_chinese_lattice_arrival, layout_loops_ring
D:2:      layout_loops_corners, basic_ecumenical_altar, uniq_crazy_yiuf_cottage,
          uniq_robin

Skill      XL: |  1  2 |
---------------+-------+-----
Maces & Flails | 4 |  4.6
Fighting       | |  3.2
Dodging        | |  2.4
Stealth        | |  2.1

Action                   || total
-------------------------++-------
Melee: Mace              ||   125
 Stab: Sleeping          ||     1
Armor: Ring mail         ||    58
Dodge: Dodged            ||    79

Table legend: (Time is in decaauts)
 A = Elapsed time spent in this place.
 B = Non-inter-level travel time spent in this place.
 C = Inter-level travel time spent in this place.
 D = Time resting spent in this place.
 E = Time spent auto-exploring this place.
 F = Levels seen in this place.
 G = Mean time per level.
                   A        B        C        D        E       F      G
               +--------+--------+--------+--------+--------+-----+--------+
         Total |   1788 |   1782 |      6 |    209 |   1266 |   2 |  894.0 |
       Dungeon |   1788 |   1782 |      6 |    209 |   1266 |   2 |  894.0 |
               +--------+--------+--------+--------+--------+-----+--------+

Top non-repeatable levels by time:
     D:1: 1495 daAuts
     D:2: 292 daAuts
